 Dungeon Crawl Stone Soup version 0.21.0-37-g46506fa (webtiles) character file.

131 Mimshu the Poker (level 5, -4/42 HPs)
             Began as a Merfolk Berserker on Jan 30, 2018.
             Was a Believer of Trog.
             Slain by a slave (5 damage)
             ... led by Pikel
             ... on level 4 of the Dungeon.
             The game lasted 00:05:26 (3111 turns).

Mimshu the Poker (Merfolk Berserker)                Turns: 3111, Time: 00:05:27

Health: -4/42      AC:  3    Str: 18    XL:     5   Next: 14%
Magic:  5/5        EV: 14    Int:  6    God:    Trog [**....]
Gold:   104        SH:  0    Dex: 14    Spells: 4/4 levels left

rFire    . . .     SeeInvis .   a - +0 spear
rCold    . . .     Gourm    .   (no shield)
rNeg     . . .     Faith    .   b - +0 animal skin
rPois    .         Spirit   .   (no helmet)
rElec    .         Reflect  .   (no cloak)
rCorr    .         Harm     .   m - +0 pair of gloves
MR       .....                  (no boots)
Stlth    +.........             (no amulet)
HPRegen  0.14/turn              (no ring)
MPRegen  0.09/turn              (no ring)

@: lethally poisoned (-4 -> -5), berserk cooldown, slowed, very slow
A: change form in water, swift swim, stealthy swim
a: Berserk, Trog's Hand, Burn Spellbooks, Renounce Religion


You were on level 4 of the Dungeon.
You worshipped Trog.
Trog was pleased with you.
You were hungry.

You visited 1 branch of the dungeon, and saw 4 of its levels.

You collected 104 gold pieces.

Inventory:

Hand Weapons
 a - a +0 spear (weapon)
Armour
 b - a +0 animal skin (worn)
 m - a +0 pair of gloves (worn)
Scrolls
 d - 4 scrolls of identify {unknown}
 e - 4 scrolls of remove curse {unknown}
 f - 2 scrolls of amnesia {unknown}
 g - 2 scrolls of fog {unknown}
 j - a scroll of noise {unknown}
 n - a scroll of immolation {unknown}
 p - a scroll of magic mapping {unknown}
Potions
 h - a potion of haste {unknown}
 i - a potion of resistance {unknown}
 l - 2 potions of agility {unknown}
 o - 2 potions of curing {unknown}
Comestibles
 c - 7 rations
 k - 5 chunks of flesh


   Skills:
 + Level 4.0 Fighting
 * Level 6.2 Polearms
 + Level 2.1 Armour
 + Level 3.8 Dodging


You had 4 spell levels left.
You didn't know any spells.

Dungeon Overview and Level Annotations

Branches:
Dungeon (4/15)
 Temple: D:4-7

Altars:
Ashenzari
Gozag
Hepliaklqana
Ru
Vehumet
Zin

Annotations:
D:4 Pikel


Message History

Pikel hits you with a whip of freezing. Pikel freezes you.
The slave closely misses you.
You barely miss Pikel. Pikel hits you with a whip of freezing.
Pikel freezes you.
You closely miss Pikel.
You are no longer berserk.
You are exhausted.
You feel yourself slow down. The slave barely misses you.
You closely miss Pikel. Pikel hits you with a whip of freezing.
Pikel freezes you. The slave hits you!
* * * LOW HITPOINT WARNING * * *
The adder bites you.
* * * LOW HITPOINT WARNING * * *
You are lethally poisoned!
The adder poisons you!
You hit Pikel but do no damage.
* * * LOW HITPOINT WARNING * * *
You feel sick. Pikel misses you. The slave barely misses you.
The adder closely misses you. The slave hits you.
You die...

.............. .#
#########..... ...
##........
#.############.........
...#.....##...........
##........#.......##..
#...........##....# ..
###...Sp.........##.#
..
......K@$.[......##.# .
#.....pp......>......
#...........(....##...
...##.......#....# #.
#............... #
#.........##....
#.........# ....
#.........# #.


You could see Pikel, 3 slaves and an adder.

Vanquished Creatures
  A slave (D:4)
  A worker ant (D:2)
  A gnoll (D:2)
  2 adders (D:3)
  2 river rats (D:3)
  An ooze (D:1)
  4 worms (D:3)
  A dart slug (D:2)
  3 bats (D:1)
  3 giant cockroaches
  5 goblins
  3 hobgoblins
  4 jackals (D:3)
  8 kobolds
  A quokka (D:3)
  2 frilled lizards
  A leopard gecko skeleton (D:4)
  5 rats
48 creatures vanquished.

Notes
Turn   | Place    | Note
-------+----------+-------------------------------------------
     0 | D:1      | Mimshu the Merfolk Berserker began the quest for the Orb.
     0 | D:1      | Reached XP level 1. HP: 18/18 MP: 1/1
   302 | D:1      | Reached XP level 2. HP: 22/24 MP: 2/2
   663 | D:1      | Reached skill level 5 in Polearms
  1072 | D:2      | Reached XP level 3. HP: 24/29 MP: 3/3
  1614 | D:2      | Reached XP level 4. HP: 25/37 MP: 4/4
  2099 | D:3      | Found a sacrificial altar of Ru.
  2099 | D:3      | Found a glowing silver altar of Zin.
  2099 | D:3      | Found a radiant altar of Vehumet.
  2099 | D:3      | Found a shattered altar of Ashenzari.
  2150 | D:3      | Reached ** piety under Trog
  2335 | D:3      | Found a hazy altar of Hepliaklqana.
  2494 | D:3      | Reached skill level 6 in Polearms
  2574 | D:3      | Found a glowing drain.
  2583 | D:3      | Reached XP level 5. HP: 16/42 MP: 5/5
  2876 | D:3      | Found an opulent altar of Gozag.
  3089 | D:4      | Noticed a slave
  3101 | D:4      | Killed a slave
  3102 | D:4      | Noticed Pikel
  3102 | D:4      | Noticed a slave
  3103 | D:4      | Noticed a slave
  3105 | D:4      | Noticed a slave
  3110 | D:4      | HP: 2/42 [adder (4)]
  3111 | D:4      | Slain by a slave

Skill      XL: |  1  2  3  4 |
---------------+-------------+-----
Dodging        | 3 |  3.8
Polearms       | 5 6 |  6.2
Armour         | 2 |  2.1
Fighting       | 4 |  4.0

Action                   |  1- 3 |  4- 6 || total
-------------------------+-------+-------++-------
Melee: Spear             |    93 |   105 ||   198
       Tailslap          |       |     9 ||     9
Invok: Berserk           |     1 |     2 ||     3
 Stab: Sleeping          |     1 |     2 ||     3
  Eat: Chunk             |     3 |     2 ||     5
       Ration            |       |     1 ||     1
Armor: Animal skin       |     7 |    11 ||    18
Dodge: Dodged            |    39 |    42 ||    81
